 Dungeon Crawl Stone Soup version 0.31.0-11-ge490571c62 (webtiles) character file.

Game seed: 6904505873148207315

1743 ces the Skirmisher (level 8, 0/33 (39) HPs)
             Began as a Spriggan Hunter on Jan 29, 2024.
             Slain by Jeremiah
             ... wielding a +2 trident of draining
              (1 damage)
             ... on level 9 of the Dungeon.
             The game lasted 00:08:47 (5379 turns).

ces the Skirmisher (Spriggan Hunter)                Turns: 5379, Time: 00:08:48

HP:   0/33 (39)     AC:  3    Str:  6    XL:     8   Next: 77%
MP:   9/9           EV: 26    Int: 10    God:
Gold: 325           SH:  0    Dex: 24    Spells: 7/7 levels left

rFire   + . .        b - +0 dagger
rCold   x . .        (no shield)
rNeg    . . .        c - +1 robe
rPois   .            (helmet restricted)
rElec   .            (no cloak)
rCorr   .            (gloves unavailable)
SInv    +            (boots unavailable)
Will    +....        (no amulet)
Stlth   +++          d - ring of fire
HPRegen 0.25/turn    (no ring)
MPRegen 0.11/turn

%: no passive effects
@: slowed, heavily drained, quick
A: very small, no large weapons, unfitting armour, see invisible, speed 3, agile
1
a: no special abilities


You were on level 9 of the Dungeon.
You visited 1 branch of the dungeon, and saw 7 of its levels.
You also visited: Sewer.

You collected 325 gold pieces.

Inventory:

Hand Weapons
 a - a +0 shortbow
 b - a +0 dagger (weapon)
Armour
 c - a +1 robe (worn)
Jewellery
 d - a ring of fire (left hand)
 e - a +6 ring of dexterity
 o - a ring of poison resistance
Wands
 t - a wand of flame (6)
 v - a wand of light (9)
Scrolls
 g - 2 scrolls of blinking
 h - a scroll of revelation
 i - a scroll of immolation {unknown}
 j - a scroll of enchant armour
 l - a scroll of fog {unknown}
 p - 2 scrolls of vulnerability
 r - a scroll of identify
 u - a scroll of noise {unknown}
 x - a scroll of enchant weapon {unknown}
Potions
 f - a potion of might
 k - 3 potions of brilliance
 m - a potion of degeneration
 n - 3 potions of curing
 q - 3 potions of enlightenment
 s - a potion of cancellation


   Skills:
 - Level 2.1 Fighting
 * Level 9.9 Ranged Weapons
 + Level 8.8 Dodging
 - Level 3.1 Stealth


You had 7 spell levels left.
You didn't know any spells.
Your spell library contained the following spells:

 Spells                   Type           Power      Damage    Failure   Level
 Blink                    Tloc           0%         N/A       50%         2
 Lesser Beckoning         Tloc           0%         N/A       50%         2
 Momentum Strike          Conj/Tloc      0%         3d8       50%         2
 Gell's Gravitas          Tloc           0%         N/A       75%         3
 Teleport Other           Tloc           0%         N/A       75%         3


Dungeon Overview and Level Annotations

Branches:
Dungeon (6/15)              Sewer (visited)
 Temple: D:4-7

Altars:
Ashenzari
Nemelex Xobeh
Okawaru

Shops:
D:4 *

Annotations:
D:3 3 runed translucent doors, pigah's ghost, weakling OpSh
D:4 2 transporters
D:9 Jeremiah


Innate Abilities, Weirdness & Mutations

You are very small and have problems with some larger weapons.
You are too small for most types of armour.
You have supernaturally acute eyesight. (SInv)
You cover ground extremely quickly. (Speed+++)
You are agile. (Dex +4, Str/Int -1)


Message History

The wraith is moderately damaged.
The wraith misses you.
You shoot an arrow. The arrow hits the wraith!
The wraith is heavily damaged.
The wraith misses you.
You shoot an arrow. The arrow closely misses the wraith.
The wraith barely misses you. 2 wights come into view.
Found 2 boomerangs and a glowing glass wand.
The wight attacks as it pursues you! The wight misses you.
The wight attacks as it pursues you! The wight completely misses you.
Jeremiah, Barachi Dreamer comes into view.
They are wielding a +2 trident of draining and wearing an orb of guile.
Found 16 gold pieces.
Found a stone staircase leading up. 2 wights come into view.
Found a stone staircase leading up.
b - a +0 dagger (weapon)
The wraith completely misses you.
The wight hits you from afar with a +5 spear!
The wight attacks as it pursues you! The wight closely misses you.
The wight attacks as it pursues you! The wight closely misses you.
Jeremiah shouts!
You hit Jeremiah but do no damage.
Jeremiah hits you with a +2 trident of draining.
You feel drained. The wight closely misses you. The wight misses you.
The wraith completely misses you. Jeremiah closely misses you.
The wight completely misses you.
You hit the butterfly but do no damage. The wight completely misses you.
The wraith completely misses you.
Jeremiah hits you with a +2 trident of draining.
You feel drained. The wight completely misses you. The wight barely misses you.
The wraith closely misses you.
You miss the butterfly. Jeremiah barely misses you. The wight misses you.
The wight hits you from afar with a +5 spear!
* * * LOW HITPOINT WARNING * * *
The wraith completely misses you.
Jeremiah hits you with a +2 trident of draining!
* * * LOW HITPOINT WARNING * * *
You feel drained.
You die...
Jeremiah wails, "I didn't mean to kill anyone!
I'm not a murderer!"

.######### #........
.........# #........
.........# #........
......<..# #......!.
.........# #../.....
#.../bb$b# #.......)
#..b..bFb# #........
.....bb@b# #....)...
..####.W## #........
#.bzz## #........
#.##z.#######........
#..z#......##........
###.###.##.##........
<. #....##.....(..
#.# #.#.>.....#####
.. ...#########


You could see Jeremiah, a wraith and 4 wights.

Vanquished Creatures
  5 yaks (D:5)
  Menkaure (D:5)
  An ogre (D:4)
  A phantom (D:5)
  2 kobold brigands (Sewer)
  4 scorpions
  2 hounds
  A jelly (D:3)
  2 sleepcaps
  3 iguanas (D:5)
  5 adders
  2 river rats (Sewer)
  A dart slug (D:5)
  2 ribbon worms
  2 orcs
  7 ball pythons
  5 endoplasms
  3 giant cockroaches
  9 goblins
  6 hobgoblins
  8 jackals
  8 quokkas
  5 bats
  2 frilled lizards
  6 kobolds
  13 rats
106 creatures vanquished.

Notes
Turn   | Place    | Note
-------+----------+-------------------------------------------
     0 | D:1      | ces the Spriggan Hunter began the quest for the Orb.
     0 | D:1      | Reached XP level 1. HP: 10/10 MP: 2/2
    87 | D:1      | Reached XP level 2. HP: 15/15 MP: 3/3
  1003 | D:2      | Reached XP level 3. HP: 18/18 MP: 4/4
  1945 | D:3      | Reached XP level 4. HP: 23/23 MP: 5/5
  2052 | D:3      | Found a runed translucent gate.
  2052 | D:3      | Found a runed translucent gate.
  2052 | D:3      | Found a runed translucent gate.
  2074 | D:3      | Reached skill level 5 in Ranged Weapons
  2297 | D:3      | Reached XP level 5. HP: 23/26 MP: 6/6
  2411 | D:3      | Found a broken altar of Ashenzari.
  2611 | D:3      | Noticed pigah's ghost (weakling OpSh)
  2761 | D:4      | Found a transporter.
  2765 | D:4      | Found a transporter.
  2850 | D:4      | Found Pufougguti's General Store.
  2872 | D:4      | Noticed an ogre
  2911 | D:4      | Killed an ogre
  2912 | D:4      | Reached skill level 6 in Ranged Weapons
  2912 | D:4      | Reached XP level 6. HP: 30/30 MP: 7/7
  2951 | D:4      | Reached skill level 5 in Dodging
  3392 | D:5      | Entered Level 5 of the Dungeon
  3509 | D:5      | Noticed Menkaure
  3514 | D:5      | Killed Menkaure
  3515 | D:5      | Reached skill level 7 in Ranged Weapons
  3515 | D:5      | Reached XP level 7. HP: 35/35 MP: 8/8
  3527 | D:5      | Noticed a yak
  3527 | D:5      | Noticed a yak
  3527 | D:5      | Noticed a yak
  3527 | D:5      | Noticed a yak
  3631 | D:5      | Killed a yak
  3690 | D:5      | Killed a yak
  3734 | D:5      | Killed a yak
  3735 | D:5      | Reached skill level 8 in Ranged Weapons
  3766 | D:5      | Noticed a yak
  3814 | D:5      | Killed a yak
  3815 | D:5      | Reached XP level 8. HP: 36/39 MP: 9/9
  3893 | D:5      | Reached skill level 9 in Ranged Weapons
  4092 | D:5      | Found an iron altar of Okawaru.
  4236 | D:5      | Found a sparkling altar of Nemelex Xobeh.
  4345 | D:5      | Found a glowing drain.
  4355 | Sewer    | Entered a sewer
  4624 | Sewer    | Gained mutation: Your spells are a little harder to cast,
                  | but a little more powerful. [potion of mutation]
  4624 | Sewer    | Gained mutation: You are agile. (Dex +4, Str/Int -1)
                  | [potion of mutation]
  4624 | Sewer    | Lost mutation: Your spells are a little harder to cast, but
                  | a little more powerful. [potion of mutation]
  4932 | Sewer    | Found a white marble altar of Elyvilon.
  5333 | D:6      | You fall into a shaft and drop 3 floors!
  5371 | D:9      | Noticed Jeremiah
  5379 | D:9      | HP: 1/35 [Jeremiah/+2 trident of draining (7)]
  5379 | D:9      | Slain by Jeremiah

Illustrated notes

Levels and vault maps discovered:
D:1:      dpeg_arrival_connections, layout_basic
D:2:      layout_basic
D:3:      layout_loops_cross, grunt_ashenzari_visionary
          [grunt_ashenzari_visionary_shoals, grunt_ashenzari_visionary_snake],
          gammafunk_ghost_icy, st_stairs_13, minmay_increasing_density
D:4:      gammafunk_wand_slinger, layout_gridville, serial_shops,
          nicolae_take_the_stairs
D:5:      layout_basic, nemelex_spade_bored_becter, okawaru_metal_pillars_1_2,
          gup_sewer_entry_bubbles, uniq_menkaure
D:6:      layout_loops_ring, temple_statues, uniq_sigmund
D:9:      layout_basic, uniq_jeremiah, uniq_maggie

Skill      XL: |  1  2  3  4  5  6  7  8 |
---------------+-------------------------+-----
Stealth        | 2 3 |  3.1
Dodging        | 3 4 5 7 8 |  8.8
Fighting       | 2 |  2.1
Ranged Weapons | 5 6 7 8 9 |  9.9

Action                     |  1- 3 |  4- 6 |  7- 9 || total
---------------------------+-------+-------+-------++-------
  Melee: Dagger            |       |       |     3 ||     3
   Fire: Shortbow          |   101 |    99 |   237 ||   437
  Evoke: Wand              |       |       |     6 ||     6
    Use: Scroll            |     1 |     1 |     5 ||     7
         Potion            |       |       |     8 ||     8
 Armour: Robe              |    14 |     7 |    28 ||    49
  Dodge: Dodged            |    30 |    23 |   107 ||   160
